 Dungeon Crawl Stone Soup version 0.31-a0-354-g827e0957a7 (webtiles) character file.

Game seed: 13436092065095181299

74845 deremet the Covert (level 15, 0/108 HPs)
             Began as a Gnoll Delver on July 23, 2023.
             Was the Champion of Hepliaklqana.
             Slain by a merfolk impaler
             ... wielding a +3 vampiric trident
              (8 damage)
             ... on level 1 of the Shoals.
             The game lasted 03:19:00 (30963 turns).

deremet the Covert (Gnoll Delver)                  Turns: 30963, Time: 03:19:01

Health: 0/108      AC: 21    Str: 16    XL:     15   Next: 48%
Magic:  38/38      EV: 13    Int: 13    God:    Hepliaklqana [******]
Gold:   1217       SH: 11    Dex:  8    Spells: 18/34 levels left

rFire   . . .        h - +2 whip "Haqeowugu" {heavy, +Blink Fly rN+++ Dex-5}
rCold   + . .        n - +0 buckler
rNeg    + + +        t - +2 ring mail {rC+}
rPois   +            p - +2 hat {Will+}
rElec   .            Q - +0 cloak
rCorr   .            u - +0 pair of gloves
SInv    .            V - +2 pair of boots {rampage}
Will    ++...        U - amulet of reflection
Stlth   ++++         A - ring of poison resistance
HPRegen 0.38/turn    b - ring "Cieteq" {MP+9 AC+4}
MPRegen 0.26/turn

%: reflection, rampage
@: about to teleport, flying
A: reduced essence, fangs 1, strong nose, distributed training
a: Renounce Religion, Evoke Blink, Recall Ancestor, Ancestor Identity,
Transference, Idealise


You were on level 1 of the Shoals.
You worshipped Hepliaklqana.
Hepliaklqana was exalted by your worship.
You visited 7 branches of the dungeon, and saw 23 of its levels.

You collected 2451 gold pieces.
You spent 1234 gold pieces at shops.

Inventory:

Hand Weapons
 a - a +3 scimitar of flaming
 f - a +2 hand axe of electrocution
 h - the +2 whip "Haqeowugu" (weapon) {heavy, +Blink Fly rN+++ Dex-5}
   (You found it on level 1 of the Lair of Beasts)

   Dex:       It affects your dexterity (-5).
   rN:        It renders you almost immune to negative energy.
   Fly:       It grants you flight.
   +Blink:    It lets you blink.
 m - a +2 flail of holy wrath
 q - a +4 orcbow of freezing
 J - a +2 dagger of venom
 S - a +2 arbalest of draining
Missiles
 e - a silver boomerang
 v - 12 javelins
 y - 50 poisoned darts
 T - 9 curare-tipped darts
 Y - 6 atropa-tipped darts
Armour
 n - a +0 buckler (worn)
 p - a +2 hat of willpower (worn)
 r - +0 acid dragon scales
 t - a +2 ring mail of cold resistance (worn)
 u - a +0 pair of gloves (worn)
 M - +0 ice dragon scales
 Q - a +0 cloak (worn)
 V - a +2 pair of boots of rampaging (worn)
 X - a +2 leather armour of fire resistance
Jewellery
 b - the ring "Cieteq" (right hand) {MP+9 AC+4}
   (You found it on level 4 of the Dungeon)

   [ring of protection]

   AC:        It affects your AC (+4).
   MP:        It affects your magic capacity (+9).
 i - a +6 ring of dexterity
 j - a +6 ring of strength
 k - a ring of protection from cold
 w - a ring of resist corrosion
 A - a ring of poison resistance (left hand)
 F - an amulet of the acrobat
 U - an amulet of reflection (around neck)
Wands
 g - a wand of digging (3)
 o - a wand of charming (19)
 x - a wand of polymorph (4)
 N - a wand of iceblast (4)
Scrolls
 c - 2 scrolls of fog
 d - 5 scrolls of revelation
 E - 4 scrolls of fear
 G - a scroll of enchant armour
 K - 4 scrolls of amnesia
 L - 3 scrolls of teleportation
 O - 2 scrolls of immolation
 P - a scroll of enchant weapon
 R - 2 scrolls of summoning
 Z - 5 scrolls of blinking
Potions
 l - 3 potions of magic
 s - 2 potions of cancellation {unknown}
 z - 3 potions of brilliance
 B - 4 potions of resistance
 D - 4 potions of curing
 H - 2 potions of enlightenment {unknown}
 I - 2 potions of might
 W - 2 potions of mutation
Miscellaneous
 C - a tin of tremorstones (2/2)


   Skills:
 + Level 12.1 Fighting
 + Level 10.3 Short Blades
 + Level 11.3 Long Blades
 + Level 10.3 Axes
 + Level 10.3 Maces & Flails
 + Level 10.3 Polearms
 + Level 10.3 Staves
 + Level 10.3 Ranged Weapons
 + Level 10.3 Throwing
 + Level 10.3 Armour
 + Level 11.3 Dodging
 + Level 13.8 Stealth
 + Level 10.3 Shields
 + Level 10.3 Unarmed Combat
 + Level 10.3 Spellcasting
 + Level 8.6 Conjurations
 + Level 8.6 Hexes
 + Level 8.6 Summonings
 + Level 8.6 Necromancy
 + Level 8.6 Translocations
 + Level 8.6 Transmutations
 + Level 8.6 Fire Magic
 + Level 8.6 Ice Magic
 + Level 8.6 Air Magic
 + Level 8.6 Earth Magic
 + Level 8.6 Poison Magic
 + Level 11.2 Invocations
 + Level 10.3 Evocations
 + Level 8.6 Shapeshifting


You had 18 spell levels left.
You knew the following spells:

 Your Spells              Type           Power      Damage    Failure   Level
a - Tukima's Dance        Hex            29%        N/A       1%          3
b - Necrotise             Necr           100%       1d9       1%          1
c - Airstrike             Air            14%        2d(3-19)  6%          4
d - Iskenderun's Mystic   Conj/Tloc      29%        2d7       6%          4
e - Summon Lightning Spi  Summ/Air       29%        N/A       6%          4

Your spell library contained the following spells:

 Spells                   Type           Power      Damage    Failure   Level
 Apportation              Tloc           58%        N/A       1%          1
 Summon Small Mammal      Summ           100%       N/A       1%          1
 Ensorcelled Hibernation  Hex/Ice        58%        N/A       1%          2
 Static Discharge         Conj/Air       58%        2-5/arc   1%          2
 Sublimation of Blood     Necr           29%        N/A       1%          2
 Dazzling Flash           Conj/Hex       58%        N/A       1%          3
 Gell's Gravitas          Tloc           29%        N/A       1%          3
 Ignite Poison            Fire/Tmut/Pois 29%        N/A       1%          3
 Inner Flame              Hex/Fire       29%        N/A       1%          3
 Portal Projectile        Hex/Tloc       58%        N/A       1%          3
 Teleport Other           Tloc           29%        N/A       1%          3
 Volatile Blastmotes      Fire/Tloc      58%        2d14      1%          3
 Anguish                  Hex/Necr       14%        N/A       6%          4
 Cause Fear               Hex            14%        N/A       6%          4
 Fulminant Prism          Conj/Hex       14%        3d9       6%          4
 Petrify                  Tmut/Erth      29%        N/A       6%          4
 Sticky Flame             Conj/Fire      29%        2d5       6%          4
 Agony                    Necr           29%        N/A       17%         5
 Fireball                 Conj/Fire      14%        3d8       17%         5
 Irradiate                Conj/Tmut      14%        3d16      17%         5
 Silence                  Hex/Air        14%        N/A       17%         5
 Yara's Violent Unravell  Hex/Tmut       14%        3d7       17%         5
 Dispersal                Tloc           14%        N/A       67%         6
 Starburst                Conj/Fire      14%        6d6       67%         6
 Enfeeble                 Hex            14%        N/A       99%         7
 Ignition                 Fire           14%        3d6       100%        8
 Maxwell's Capacitive Co  Air            14%        ∞         100%        8
 Dragon's Call            Summ           14%        N/A       100%        9
 Fire Storm               Conj/Fire      14%        8d4       100%        9


Dungeon Overview and Level Annotations

Branches:
Dungeon (15/15)            Temple (1/1) D:7            Lair (2/5) D:10
 Shoals (1/4) Lair:2          Orc (2/2) D:10            Elf (1/3) Orc:2
 Vaults (0/5) D:13         Depths (1/4) D:15
  Snake: Lair:2-3    Spider: Lair:2-3

Altars:
Ashenzari
Cheibriados
Dithmenos
Elyvilon
Fedhas
Gozag
Hepliaklqana
Kikubaaqudgha
Makhleb
Nemelex Xobeh
Okawaru
Qazlal
Ru
Sif Muna
Trog
Uskayaw
Vehumet
Wu Jian
Xom
Yredelemnul
Zin
The Shining One

Shops:
D:2 (   D:6 (*   D:10 (   D:11 *   D:12 :   D:14 **   Orc:2 [*((**


Innate Abilities, Weirdness & Mutations

Your life essence is reduced to manifest your ancestor. (-10% HP)
You have very sharp teeth.
Your uncanny sense of smell can sniff out nearby items.
Your experience applies equally to all skills.


Message History

The skyshark tail-slaps you but does no damage.
The merfolk impaler hits you but does no damage.
The merfolk throws a boomerang.
The boomerang hits you but does no damage.
The merfolk closely misses you.
You closely miss the merfolk.
The merfolk is lightly wounded.
The merfolk misses you.
A faun comes into view. It is wielding a +0 spear.
The merfolk impaler hits you from afar with a +3 vampiric trident.
The merfolk hits you but does no damage.
The skyshark bites you but does no damage.
The skyshark tail-slaps you but does no damage.
You block the skyshark's attack.
Tochtli gestures at the merfolk impaler while chanting.
The stone arrow misses the merfolk impaler.
The merfolk hits you from afar with a +0 trident!
The merfolk hits you but does no damage.
The merfolk impaler closely misses you.
You swap places.
The merfolk hits you from afar with a +0 glaive!
* * * LOW HITPOINT WARNING * * *
The skyshark bites Tochtli but does no damage.
The skyshark tail-slaps Tochtli.
The skyshark completely misses Tochtli.
The merfolk impaler hits you from afar with a +3 vampiric trident!
* * * LOW HITPOINT WARNING * * *
Tochtli hits the skyshark with a +0 quarterstaff.
You block the merfolk's attack. The merfolk closely misses you.
As you read the scroll of teleportation, it crumbles to dust.
You feel strangely unstable.
The merfolk impaler hits you but does no damage.
The merfolk hits you from afar with a +0 glaive.
* * * LOW HITPOINT WARNING * * *
The skyshark bites Tochtli!
The skyshark completely misses Tochtli.
The skyshark tail-slaps Tochtli but does no damage.
Tochtli hits the skyshark with a +0 quarterstaff!!
The merfolk hits you from afar with a +0 trident.
* * * LOW HITPOINT WARNING * * *
The merfolk impaler hits you from afar with a +3 vampiric trident!
You die...

. ##..~..).. ,~~.......
....# #..~.#.~. ........#
....# #..~...(.
..~cc...##....###........
..~~~.....~~..##.........
...≈~~.....~...#.........
..)~~~mmm......~.....(...
≈.....l~...~..~~......##.
≈≈≈...mR@.~~~.~.....)##..
≈≈≈≈~~m...~~~~~..........
#≈≈~~.....~.......~.~....
#≈≈~≈≈........#..~~≈~....
#≈~~≈≈≈.......##..~≈~...~
~~~≈≈≈≈.......###..~~~~..
~≈###≈≈≈......# ....~~~..
≈# ##≈≈......#....~~~~..
##≈......#..~~~~~...


You could see the friendly Tochtli the battlemage, a merfolk impaler (ally
target), a skyshark, 4 merfolk and 2 fauns.

Vanquished Creatures
  A merfolk impaler (Shoals:1)
  The ghost of howech the Fighter, a journeyman MiBe of Trog (Lair:1)
  Fannar (D:11)
  A hydra (D:14)
  An ogre mage (Orc:2)
  An ice dragon (D:15)
  5 vault guards (D:13)
  A boulder beetle (Lair:1)
  A death knight (D:14)
  A centaur warrior (D:13)
  9 two-headed ogres
  A tengu warrior (D:15)
  5 death yaks (D:10)
  Sonja (D:13)
  An orc knight (Orc:1)
  The ghost of bobarctor the Thaumaturge, a novice DENe of Kikubaaqudgha (D:7)
  A cyclops (D:15)
  5 ugly things
  4 manticores
  A water nymph (Shoals:1)
  3 gargoyles
  A cane toad (Lair:1)
  A yaktaur (D:15)
  2 tengu conjurers
  2 komodo dragons (Lair:1)
  A nameless horror (D:15)
  2 blink frogs (Lair:1)
  6 slime creatures
  A shadow (D:11)
  2 wraiths (D:13)
  6 yaks
  A vampire (D:8)
  3 vampire mosquitoes
  A redback (Lair:1)
  A steam dragon (D:8)
  A water moccasin (Lair:1)
  6 orc warriors
  A sky beast (D:7)
  17 ogres
  2 wolves (Lair:1)
  5 centaurs
  A kobold brigand (D:9)
  2 gnoll sergeants
  3 scorpions
  4 bullfrogs
  A wight (D:9)
  A killer bee (D:10)
  4 howler monkeys
  2 quasits (D:7)
  2 hounds
  A gnoll bouda (D:9)
  7 orc priests
  A sleepcap (D:6)
  8 orc wizards
  7 adders
  7 gnolls
  A shadow imp (D:7)
  3 ufetubi
  2 dart slugs
  43 orcs
  8 ball pythons
  2 endoplasms
  A giant cockroach (D:1)
  5 goblins
  4 hobgoblins
  5 jackals (D:4)
  10 kobolds
  2 bats (D:3)
  2 frilled lizards (D:1)
  3 rats
250 creatures vanquished.

Vanquished Creatures (collateral kills)
  The ghost of OldManVictorn the Covert, a journeyman GnDe of Ashenzari (D:11)
  Josephine (D:13)
  The ghost of Wiilli the Geomancer, a journeyman GrEE of Qazlal (D:12)
  A hydra (D:14)
  2 boulder beetles
  An ice dragon (D:15)
  Erica (D:9)
  3 ogre magi (Orc:2)
  A dancing weapon (D:12)
  7 two-headed ogres
  2 tengu warriors
  Urug (D:11)
  A skyshark (Shoals:1)
  Lodul (D:14)
  3 skeletal warriors (D:14)
  2 sea snakes (Shoals:1)
  2 lindwurms (Lair:1)
  2 deep elf pyromancers (D:14)
  8 ugly things
  3 cyclopes
  A manticore (D:15)
  A water nymph (Shoals:1)
  2 gargoyles
  3 unseen horrors
  A rime drake (Lair:1)
  2 cane toads
  2 freezing wraiths (D:15)
  A komodo dragon (Lair:1)
  An efreet (D:13)
  3 tengu conjurers
  3 merfolk (Shoals:1)
  5 trolls
  A wind drake (Lair:2)
  2 blink frogs (Lair:1)
  A jumping spider (Lair:1)
  4 slime creatures
  A vampire (D:10)
  2 wraiths (D:13)
  12 yaks
  A hog (shapeshifter) (D:15)
  A human (D:13)
  4 basilisks
  Eustachio (D:4)
  A wyvern (D:9)
  A steam dragon (D:7)
  3 redbacks (Lair:1)
  8 vampire mosquitoes
  3 wargs
  2 water moccasins
  3 acid dragons
  11 orc warriors
  A sky beast (D:7)
  A black bear (D:8)
  4 centaurs
  25 ogres
  A wolf (Lair:1)
  3 kobold brigands
  5 bullfrogs
  A gnoll sergeant (D:5)
  A scorpion (D:7)
  2 wights (D:9)
  3 killer bees (D:10)
  2 howler monkeys (D:7)
  3 lava snakes (Lair:1)
  3 hounds (D:9)
  2 quasits (D:7)
  A jelly (D:7)
  3 orc priests
  3 gnoll boudas
  Jessica (D:2)
  An iguana (D:4)
  A sleepcap (D:5)
  14 orc wizards
  10 gnolls
  6 adders
  A worm (D:2)
  26 orcs
  4 ball pythons
  2 bats
  3 endoplasms
  3 giant cockroaches
  4 goblins
  11 hobgoblins
  8 jackals
  A quokka (D:3)
  5 frilled lizards
  10 kobolds
  4 rats
310 creatures vanquished.

Vanquished Creatures (others)
  A cane toad (Lair:2)
  29 battlemagi
  An orc wizard (D:11)
  An ancestor (D:3)
  An orc (D:9)
33 creatures vanquished.

Grand Total: 593 creatures vanquished

Notes
Turn   | Place    | Note
-------+----------+-------------------------------------------
     0 | D:5      | Reached skill level 9 in Stealth
     0 | D:5      | deremet the Gnoll Delver began the quest for the Orb.
     0 | D:5      | Reached XP level 1. HP: 23/23 MP: 1/1
     9 | D:5      | Noticed a centaur
    34 | D:6      | Found Tasmemiz's Weapon Shop.
   147 | D:6      | Noticed an ogre
   171 | D:7      | Noticed a sky beast
   316 | D:7      | Noticed a sky beast
   368 | D:6      | Noticed a bullfrog
   388 | D:7      | Found a transporter.
   389 | D:7      | Noticed bobarctor's ghost (novice DENe)
   390 | D:7      | Noticed a quasit
   426 | D:7      | Reached XP level 2. HP: 24/29 MP: 2/2
   456 | D:7      | Found a transporter.
   465 | D:7      | Found a staircase to the Ecumenical Temple.
   489 | Temple   | Entered the Ecumenical Temple
   496 | Temple   | Became a worshipper of Hepliaklqana the Forgotten
   552 | D:7      | Noticed a steam dragon
   570 | D:7      | Noticed an ogre
   591 | D:7      | Noticed a bullfrog
  1017 | D:6      | Found Quniamp's General Store.
  1027 | D:6      | Killed a bullfrog
  1028 | D:6      | Reached skill level 1 in Short Blades
  1028 | D:6      | Reached skill level 1 in Axes
  1028 | D:6      | Reached skill level 1 in Maces & Flails
  1028 | D:6      | Reached skill level 1 in Polearms
  1028 | D:6      | Reached skill level 1 in Staves
  1028 | D:6      | Reached skill level 1 in Ranged Weapons
  1028 | D:6      | Reached skill level 1 in Throwing
  1028 | D:6      | Reached skill level 1 in Armour
  1028 | D:6      | Reached skill level 1 in Shields
  1028 | D:6      | Reached skill level 1 in Unarmed Combat
  1028 | D:6      | Reached skill level 1 in Spellcasting
  1028 | D:6      | Reached skill level 1 in Invocations
  1028 | D:6      | Reached skill level 1 in Evocations
  1028 | D:6      | Reached XP level 3. HP: 26/35 MP: 2/4
  1028 | D:6      | Reached XP level 4. HP: 30/41 MP: 2/5
  1133 | D:6      | Reached skill level 1 in Conjurations
  1133 | D:6      | Reached skill level 1 in Hexes
  1133 | D:6      | Reached skill level 1 in Summonings
  1133 | D:6      | Reached skill level 1 in Necromancy
  1133 | D:6      | Reached skill level 1 in Translocations
  1133 | D:6      | Reached skill level 1 in Transmutations
  1133 | D:6      | Reached skill level 1 in Fire Magic
  1133 | D:6      | Reached skill level 1 in Ice Magic
  1133 | D:6      | Reached skill level 1 in Air Magic
  1133 | D:6      | Reached skill level 1 in Earth Magic
  1133 | D:6      | Reached skill level 1 in Poison Magic
  1133 | D:6      | Reached skill level 1 in Shapeshifting
  1238 | D:6      | Noticed a scorpion
  1285 | D:5      | Noticed a gnoll sergeant
  1308 | D:5      | Reached XP level 5. HP: 41/47 MP: 6/6
  1406 | D:5      | Reached XP level 6. HP: 36/53 MP: 8/8
  1487 | D:5      | Reached skill level 5 in Long Blades
  1487 | D:5      | Reached skill level 5 in Dodging
  1764 | D:5      | Reached * piety under Hepliaklqana
  1869 | D:4      | Noticed Eustachio
  2627 | D:3      | Found an ancient bone altar of Kikubaaqudgha.
  2640 | D:3      | Reached XP level 7. HP: 54/54 MP: 10/10
  2680 | D:3      | Found a shimmering altar of Xom.
  2777 | D:3      | Reached ** piety under Hepliaklqana
  2778 | D:3      | Remembered your ancestor Tochtli as a battlemage
  3200 | D:2      | Noticed Jessica
  3208 | D:2      | Killed Jessica
  3335 | D:2      | Found Jeriph's Antique Weapon Emporium.
  3401 | D:2      | Found a faded altar of an unknown god.
  4618 | D:4      | Killed Eustachio
  4619 | D:4      | Reached skill level 10 in Stealth
  4707 | D:4      | Reached *** piety under Hepliaklqana
  4711 | D:4      | Identified the ring "Cieteq" {MP+9 AC+4}
  4970 | D:4      | Reached XP level 8. HP: 60/60 MP: 12/12
  5623 | D:5      | Learned a level 3 spell: Tukima's Dance
  5929 | D:6      | Bought 6 poisoned darts for 50 gold pieces
  6651 | D:7      | Reached XP level 9. HP: 55/65 MP: 14/14
  6885 | D:7      | Reached skill level 5 in Invocations
  7365 | D:7      | Killed bobarctor's ghost
  7366 | D:7      | Reached skill level 5 in Short Blades
  7366 | D:7      | Reached skill level 5 in Axes
  7366 | D:7      | Reached skill level 5 in Maces & Flails
  7366 | D:7      | Reached skill level 5 in Polearms
  7366 | D:7      | Reached skill level 5 in Staves
  7366 | D:7      | Reached skill level 5 in Ranged Weapons
  7366 | D:7      | Reached skill level 5 in Throwing
  7366 | D:7      | Reached skill level 5 in Armour
  7366 | D:7      | Reached skill level 5 in Shields
  7366 | D:7      | Reached skill level 5 in Unarmed Combat
  7366 | D:7      | Reached skill level 5 in Spellcasting
  7366 | D:7      | Reached skill level 5 in Evocations
  7366 | D:7      | Reached XP level 10. HP: 66/72 MP: 17/17
  7477 | D:8      | Reached **** piety under Hepliaklqana
  7512 | D:8      | Found a hide-covered altar of Uskayaw.
  7513 | D:8      | Found an opulent altar of Gozag.
  7603 | D:8      | Reached skill level 11 in Stealth
  8691 | D:9      | Noticed Erica
  8702 | D:9      | Killed Erica
  9007 | D:9      | Reached XP level 11. HP: 78/78 MP: 19/19
  9089 | D:9      | Reached skill level 5 in Conjurations
  9089 | D:9      | Reached skill level 5 in Hexes
  9089 | D:9      | Reached skill level 5 in Summonings
  9089 | D:9      | Reached skill level 5 in Necromancy
  9089 | D:9      | Reached skill level 5 in Translocations
  9089 | D:9      | Reached skill level 5 in Transmutations
  9089 | D:9      | Reached skill level 5 in Fire Magic
  9089 | D:9      | Reached skill level 5 in Ice Magic
  9089 | D:9      | Reached skill level 5 in Air Magic
  9089 | D:9      | Reached skill level 5 in Earth Magic
  9089 | D:9      | Reached skill level 5 in Poison Magic
  9089 | D:9      | Reached skill level 5 in Shapeshifting
 10040 | D:10     | Entered Level 10 of the Dungeon
 10411 | D:10     | Learned a level 1 spell: Necrotise
 10416 | D:10     | Learned a level 4 spell: Airstrike
 10421 | D:10     | Learned a level 4 spell: Iskenderun's Mystic Blast
 10458 | D:10     | Noticed a death yak
 10460 | D:10     | Found a staircase to the Lair.
 10462 | D:10     | Noticed a death yak
 10466 | D:10     | Noticed a death yak
 10469 | D:10     | Killed a death yak
 10472 | D:10     | Noticed a death yak
 10477 | D:10     | Killed a death yak
 10479 | D:10     | Noticed a death yak
 10483 | D:10     | Reached ***** piety under Hepliaklqana
 10761 | D:10     | Found a staircase to the Orcish Mines.
 10835 | D:10     | Found Gijiga's Weapon Shop.
 11085 | D:10     | Killed a death yak
 11097 | D:10     | Killed a death yak
 11113 | D:10     | Killed a death yak
 11310 | D:10     | Noticed a wizard
 11451 | Lair:1   | Entered Level 1 of the Lair of Beasts
 11849 | Lair:1   | Reached XP level 12. HP: 85/86 MP: 22/22
 11865 | Lair:1   | Noticed a boulder beetle
 12063 | Lair:1   | Found a runed translucent gate.
 12063 | Lair:1   | Found a runed translucent gate.
 12063 | Lair:1   | Found a runed translucent gate.
 12064 | Lair:1   | Noticed howech's ghost (journeyman MiBe)
 12175 | Lair:1   | Killed a boulder beetle
 13615 | D:11     | Noticed Fannar
 13629 | D:11     | Found Amid's Island Escapes.
 13652 | D:11     | Noticed a two-headed ogre
 13687 | D:11     | Reached skill level 12 in Stealth
 13735 | D:11     | Noticed a two-headed ogre
 13741 | D:11     | Killed a two-headed ogre
 13774 | D:11     | Reached skill level 10 in Fighting
 13998 | D:11     | Killed a two-headed ogre
 14235 | D:11     | Found a large runed translucent door.
 14235 | D:11     | Found a large runed translucent door.
 14254 | D:11     | Noticed Urug
 14276 | D:11     | Killed Urug
 14527 | D:11     | Learned a level 4 spell: Summon Lightning Spire
 14556 | D:11     | Killed Fannar
 14699 | D:11     | Noticed OldManVictorn's ghost (journeyman GnDe)
 15114 | D:12     | Found Locitiuron's Book Boutique.
 15194 | D:12     | Found a runed translucent door.
 15195 | D:12     | Found a shimmering altar of Xom.
 15195 | D:12     | Noticed Wiilli's ghost (journeyman GrEE)
 15920 | D:12     | Reached XP level 13. HP: 67/93 MP: 25/25
 16244 | D:13     | Found an ancient bone altar of Kikubaaqudgha.
 16494 | D:13     | Noticed Sonja
 16503 | D:13     | Killed Sonja
 16949 | D:13     | Noticed a vault guard
 17374 | D:13     | Noticed Josephine
 17465 | D:14     | Noticed Lodul
 17469 | D:14     | Killed Lodul
 18038 | D:14     | Found Odezinno's Assorted Antiques.
 18277 | D:13     | Killed Josephine
 18755 | D:13     | Reached skill level 10 in Long Blades
 18755 | D:13     | Reached skill level 10 in Dodging
 18937 | D:13     | Noticed a vault guard
 19256 | D:13     | Killed a vault guard
 19367 | D:13     | Noticed a vault guard
 19613 | D:13     | Killed a vault guard
 19964 | D:13     | Killed a vault guard
 19965 | D:13     | Reached XP level 14. HP: 101/101 MP: 27/27
 20086 | D:13     | Found a gate to the Vaults.
 20227 | D:13     | Reached skill level 13 in Stealth
 20634 | D:14     | Reached skill level 10 in Invocations
 21100 | D:14     | Bought a potion of heal wounds for 140 gold pieces
 21100 | D:14     | Bought a scroll of teleportation for 84 gold pieces
 21100 | D:14     | Bought a potion of curing for 84 gold pieces
 21100 | D:14     | Bought a scroll of identify for 56 gold pieces
 21681 | D:14     | Reached ****** piety under Hepliaklqana
 21719 | D:14     | Found Vabloyfy's Assorted Antiques.
 22011 | D:15     | Entered Level 15 of the Dungeon
 22913 | D:15     | Found a staircase to the Depths.
 24615 | Orc:1    | Entered Level 1 of the Orcish Mines
 24678 | Orc:1    | Got Meqarr's Atlas of Saltpetre
 25210 | Orc:2    | Entered Level 2 of the Orcish Mines
 25220 | Orc:2    | Found a staircase to the Elven Halls.
 25305 | Orc:2    | Paralysed by something for 3 turns
 25788 | Orc:1    | Reached XP level 15. HP: 43/108 MP: 28/28
 26190 | Orc:2    | Found Seruexuk's General Store.
 26197 | Orc:2    | Found Woum's Specific Store.
 26236 | Orc:2    | Bought a potion of curing for 42 gold pieces
 26438 | Orc:2    | Found Bawoar's Antique Weapon Shoppe.
 26438 | Orc:2    | Found Risu Lik's General Store.
 26438 | Orc:2    | Found Xient's Antique Weapon Shop.
 26438 | Orc:2    | Found Ophouf's Armour Emporium.
 26478 | Orc:2    | Reached skill level 10 in Short Blades
 26478 | Orc:2    | Reached skill level 10 in Axes
 26478 | Orc:2    | Reached skill level 10 in Maces & Flails
 26478 | Orc:2    | Reached skill level 10 in Polearms
 26478 | Orc:2    | Reached skill level 10 in Staves
 26478 | Orc:2    | Reached skill level 10 in Ranged Weapons
 26478 | Orc:2    | Reached skill level 10 in Throwing
 26478 | Orc:2    | Reached skill level 10 in Armour
 26478 | Orc:2    | Reached skill level 10 in Shields
 26478 | Orc:2    | Reached skill level 10 in Unarmed Combat
 26478 | Orc:2    | Reached skill level 10 in Spellcasting
 26478 | Orc:2    | Reached skill level 10 in Evocations
 26659 | Orc:2    | Bought a scroll of teleportation for 45 gold pieces
 26659 | Orc:2    | Bought a wand of iceblast (2) for 72 gold pieces
 26659 | Orc:2    | Bought a scroll of fear for 60 gold pieces
 26998 | Elf:1    | Entered Level 1 of the Elven Halls
 27316 | D:6      | Bought a scroll of blinking for 97 gold pieces
 27904 | D:11     | Killed OldManVictorn's ghost
 28041 | D:12     | Killed Wiilli's ghost
 28189 | D:12     | Bought a book of the Dragon for 504 gold pieces
 29080 | Depths:1 | Entered Level 1 of the Depths
 29104 | Depths:1 | Noticed a frost giant
 29398 | Lair:1   | Killed howech's ghost
 29491 | Lair:1   | Found a runed translucent door.
 29724 | Lair:1   | Identified the +2 whip "Haqeowugu" {heavy, +Blink Fly rN+++
                  | Dex-5}
 29728 | Lair:1   | Found a runed translucent gate.
 29728 | Lair:1   | Found a runed translucent gate.
 29728 | Lair:1   | Found a runed translucent gate.
 29728 | Lair:1   | Found a runed translucent gate.
 29728 | Lair:1   | Found a runed translucent gate.
 29728 | Lair:1   | Found a runed translucent gate.
 30140 | Lair:2   | Identified the +4 short sword "Burpheipp" {flame, rCorr
                  | Str+6 Dex-3}
 30151 | Lair:2   | Found a staircase to the Shoals.
 30308 | Shoals:1 | Entered Level 1 of the Shoals
 30963 | Shoals:1 | Slain by a merfolk impaler

Illustrated notes

Levels and vault maps discovered:
D:1:      eino_arrival_water_cross, layout_basic, minmay_tall_x
D:2:      layout_basic, serial_shops, shop, basic_ecumenical_altar, uniq_jessica
D:3:      layout_loops_ring, mainiacjoe_overflow_catwalk_spiral
D:4:      layout_cave_pods, serial_glass, glass_columns_b, glass_columns_b,
          glass_columns_a, glass_columns_c, glass_columns_a, glass_columns_b,
          glass_columns_a, glass_columns_b, minmay_snake_closets, uniq_eustachio
D:5:      layout_layer_cave
D:6:      layout_basic, serial_shops, nicolae_shop_tiny_statue_garden,
          nicolae_shop_waterfront
D:7:      layout_gridville, minmay_temple_entry_large_hall,
          gammafunk_ghost_stat_death
D:8:      layout_basic, mainiacjoe_overflow_divided_tiny,
          nicolae_figureground_sparkle
D:9:      kennysheep_housing_project, layout_loops_cross, uniq_erica
D:10:     layout_roguey, dpeg_lair_monsters, david_orc_4, serial_shops,
          nicolae_shop_just_a_little_nook, lightli_corner_chamber
D:11:     layout_big_octagon, ebering_ghost_disaster_area,
          nicolae_island_escapes, uniq_fannar, uniq_urug
D:12:     layout_roguey, serial_shops, shop, ebering_ghost_xom
D:13:     layout_irregular_city, grunt_vaults_entry_fortified,
          grunt_ministairs_7, kiku_gazebo_pond_becter, uniq_josephine,
          uniq_sonja
D:14:     layout_basic, minivault_19, serial_shops,
          nicolae_shop_pleasant_corner_grove, nicolae_shop_overgrown_old_shop,
          minmay_fractal_squares_diagonal_5, uniq_lodul
D:15:     grunt_enter_depths_hoard, layout_grid_maze, nicolae_eternal_life
Temple:   dpeg_three_leaves_temple
Lair:1:   gammafunk_indiana_jones, layout_cellular_growth,
          ebering_ghost_rock_garden
Lair:2:   layout_hall_layers, minmay_shoals_entry_beasts
Shoals:1: nicolae_shoals_aurelia_aurita, layout_shoals
Orc:1:    layout_diamond_mine, guppyfry_library_mini
Orc:2:    st_orc_ogre_mass, layout_caves, nicolae_orc_flooded_monolith,
          nicolae_specific_store
Elf:1:    minmay_elf_arrival_circle, layout_gridlike, ebering_ghost_rock_garden,
          minmay_elf_crystal_hexagon, uniq_roxanne
Depths:1: kennysheep_scales, layout_honeycomb, grunt_hell_entry_dis_old,
          abyss_entry_flame_altar, minmay_misc_feat_nine_boxes, pandoras_box_mu

Skill      XL: |  1  2  3  4  5  6  7  8  9 10 11 12 13 14 15 |
---------------+----------------------------------------------+-----
Stealth        | 10 11 12 13 | 13.8
Short Blades   | 1 2 3 5 6 8 9 10 | 10.3
Axes           | 1 2 3 5 6 8 9 10 | 10.3
Maces & Flails | 1 2 3 5 6 8 9 10 | 10.3
Polearms       | 1 2 3 5 6 8 9 10 | 10.3
Staves         | 1 2 3 5 6 8 9 10 | 10.3
Ranged Weapons | 1 2 3 5 6 8 9 10 | 10.3
Throwing       | 1 2 3 5 6 8 9 10 | 10.3
Armour         | 1 2 3 5 6 8 9 10 | 10.3
Shields        | 1 2 3 5 6 8 9 10 | 10.3
Unarmed Combat | 1 2 3 5 6 8 9 10 | 10.3
Spellcasting   | 1 2 3 5 6 8 9 10 | 10.3
Invocations    | 1 2 3 4 5 6 7 8 9 10 11 | 11.2
Evocations     | 1 2 3 5 6 8 9 10 | 10.3
Conjurations   | 1 2 3 4 5 6 7 8 |  8.6
Hexes          | 1 2 3 4 5 6 7 8 |  8.6
Summonings     | 1 2 3 4 5 6 7 8 |  8.6
Necromancy     | 1 2 3 4 5 6 7 8 |  8.6
Translocations | 1 2 3 4 5 6 7 8 |  8.6
Transmutations | 1 2 3 4 5 6 7 8 |  8.6
Fire Magic     | 1 2 3 4 5 6 7 8 |  8.6
Ice Magic      | 1 2 3 4 5 6 7 8 |  8.6
Air Magic      | 1 2 3 4 5 6 7 8 |  8.6
Earth Magic    | 1 2 3 4 5 6 7 8 |  8.6
Poison Magic   | 1 2 3 4 5 6 7 8 |  8.6
Shapeshifting  | 1 2 3 4 5 6 7 8 |  8.6
Long Blades    | 5 6 7 8 9 10 11 | 11.3
Dodging        | 5 6 7 8 9 10 11 | 11.3
Fighting       | 7 8 9 10 11 12 | 12.1

Action                     |  1- 3 |  4- 6 |  7- 9 | 10-12 | 13-15 || total
---------------------------+-------+-------+-------+-------+-------++-------
  Melee: Whip              |    13 |    91 |   190 |    78 |   214 ||   586
         Falchion          |     4 |       |       |       |       ||     4
         Bite              |     2 |    12 |    28 |    69 |   114 ||   225
         Punch             |       |     3 |     3 |     2 |       ||     8
         Flail             |       |       |    16 |    54 |    60 ||   130
         Hand axe          |       |       |       |   128 |       ||   128
         Scimitar          |       |       |       |   167 |   401 ||   568
         Dagger            |       |       |       |    22 |       ||    22
         Staff             |       |       |       |       |    30 ||    30
   Fire: Arbalest          |       |       |       |    10 |       ||    10
         Orcbow            |       |       |       |       |    12 ||    12
  Throw: Dart              |       |       |     2 |    25 |    39 ||    66
         Stone             |       |       |     1 |       |       ||     1
         Javelin           |       |       |     2 |     4 |     7 ||    13
         Boomerang         |       |       |       |    28 |    47 ||    75
   Cast: Tukima's Dance    |       |       |       |     3 |     5 ||     8
         Iskenderun's Myst |       |       |       |     3 |    12 ||    15
         Airstrike         |       |       |       |     2 |     6 ||     8
         Summon Lightning  |       |       |       |     1 |    26 ||    27
         Necrotise         |       |       |       |       |     1 ||     1
 Invoke: Recall Ancestor   |       |     1 |       |       |     9 ||    10
         Ancestor Life: Ba |       |       |     1 |       |       ||     1
  Evoke: Wand              |       |       |       |       |     2 ||     2
    Use: Potion            |     2 |     1 |     1 |     9 |     7 ||    20
         Scroll            |     1 |       |     6 |     7 |    16 ||    30
   Stab: Invisible         |     3 |       |       |     4 |       ||     7
         Sleeping          |       |     9 |    16 |     7 |     3 ||    35
         Distracted        |       |       |     6 |     9 |    17 ||    32
 Armour: Leather armour    |     2 |    20 |   103 |       |    97 ||   222
         Ring mail         |       |    21 |    10 |    28 |    79 ||   138
         Acid dragon scale |       |       |       |   150 |       ||   150
         Skin              |       |       |       |     9 |     1 ||    10
         Ice dragon scales |       |       |       |       |    83 ||    83
  Dodge: Dodged            |    21 |    66 |   111 |   264 |   339 ||   801
  Block: Other             |       |       |    19 |     7 |       ||    26
         Buckler           |       |       |    68 |   284 |   372 ||   724
         Reflection        |       |       |       |    12 |    15 ||    27

Table legend: (Time is in decaauts)
 A = Elapsed time spent in this place.
 B = Non-inter-level travel time spent in this place.
 C = Inter-level travel time spent in this place.
 D = Time resting spent in this place.
 E = Time spent auto-exploring this place.
 F = Levels seen in this place.
 G = Mean time per level.
                   A        B        C        D        E       F      G
               +--------+--------+--------+--------+--------+-----+--------+
         Total |  30852 |  23814 |   7038 |   7933 |   9155 |  23 | 1341.4 |
       Dungeon |  25233 |  18870 |   6363 |   6092 |   7435 |  15 | 1682.2 |
        Temple |     14 |      8 |      6 |      0 |      0 |   1 |   14.0 |
          Lair |   2769 |   2564 |    205 |   1101 |    911 |   2 | 1384.5 |
        Shoals |    219 |    201 |     18 |      0 |     76 |   1 |  219.0 |
  Orcish Mines |   2580 |   2136 |    444 |    739 |    733 |   2 | 1290.0 |
   Elven Halls |      1 |      1 |      0 |      0 |      0 |   1 |    1.0 |
        Depths |     33 |     33 |      0 |      0 |      0 |   1 |   33.0 |
               +--------+--------+--------+--------+--------+-----+--------+

Top non-repeatable levels by time:
    D:13: 3168 daAuts
    D:14: 2999 daAuts
    D:15: 2478 daAuts
    D:12: 2050 daAuts
  Lair:1: 2040 daAuts
     D:7: 2019 daAuts
    D:10: 1677 daAuts
     D:9: 1663 daAuts
     D:5: 1565 daAuts
    D:11: 1465 daAuts
   Orc:1: 1456 daAuts
     D:8: 1454 daAuts
     D:6: 1366 daAuts
   Orc:2: 1123 daAuts
     D:4: 1070 daAuts
